 Dungeon Crawl Stone Soup version 0.30.0-19-g36f170ea60 (webtiles) character file.

Game seed: 10633756631302055529

1584 Peloso the Carver (level 8, -2/71 HPs)
             Began as a Minotaur Fighter on May 26, 2023.
             Killed from afar by a steam dragon (22 damage)
             ... with a ball of steam
             ... on level 6 of the Dungeon.
             The game lasted 00:08:37 (5003 turns).

Peloso the Carver (Minotaur Fighter)                Turns: 5003, Time: 00:08:38

Health: -2/71      AC: 10    Str: 20    XL:     8   Next: 61%
Magic:  7/7        EV:  9    Int:  5    God:
Gold:   230        SH: 10    Dex: 13    Spells: 7/7 levels left

rFire   . . .        a - +0 long sword
rCold   . . .        d - +0 buckler
rNeg    . . .        c - +0 chain mail
rPois   .            (helmet restricted)
rElec   .            (no cloak)
rCorr   .            (no gloves)
SInv    .            (no boots)
Will    .....        u - amulet of reflection Stlth
                     (no ring)
HPRegen 0.31/turn    (no ring)
MPRegen 0.10/turn

%: reflection
@: mighty, lethally poisoned (-2 -> -4), hasted, very quick
A: horns 2, retaliatory headbutt
a: no special abilities


You were on level 6 of the Dungeon.
You visited 1 branch of the dungeon, and saw 6 of its levels.

You collected 230 gold pieces.

Inventory:

Hand Weapons
 a - a +0 long sword (weapon)
Armour
 b - a +0 scale mail
 c - a +0 chain mail (worn)
 d - a +0 buckler (worn)
Jewellery
 h - a ring of fire
 m - a ring of ice
 u - an amulet of reflection (around neck)
 w - an amulet of faith
Wands
 l - a wand of flame (14)
 z - a wand of quicksilver (6)
 B - a wand of iceblast (6)
Scrolls
 f - 4 scrolls of teleportation {unknown}
 g - 3 scrolls of amnesia {unknown}
 i - a scroll of immolation {unknown}
 j - 7 scrolls of identify {unknown}
 n - 2 scrolls of vulnerability {unknown}
 o - 2 scrolls of noise {unknown}
 q - 2 scrolls of acquirement {unknown}
 v - 4 scrolls of magic mapping {unknown}
 y - a scroll of brand weapon {unknown}
Potions
 e - a potion of might
 k - a potion of resistance {unknown}
 p - 2 potions of degeneration {unknown}
 r - a potion of brilliance
 t - 2 potions of berserk rage {unknown}
 x - a potion of lignification {unknown}
 A - a potion of flight {unknown}


   Skills:
 + Level 6.5 Fighting
 + Level 8.2 Long Blades
 + Level 7.1 Armour
 + Level 3.0 Dodging
 + Level 1.1 Stealth
 + Level 6.1 Shields


You had 7 spell levels left.
You didn't know any spells.
Your spell library contained the following spells:

 Spells                   Type           Power      Damage    Failure   Level
 Dazzling Flash           Conj/Hex       0%         N/A       100%        3
 Volatile Blastmotes      Fire/Tloc      0%         2d10      100%        3
 Iskenderun's Mystic Bla  Conj/Tloc      0%         2d3       100%        4
 Starburst                Conj/Fire      0%         6d3       100%        6


Dungeon Overview and Level Annotations

Branches:
Dungeon (6/15)             Temple (0/1) D:6

Altars:

Shops:
D:5 *


Innate Abilities, Weirdness & Mutations

You have a pair of horns on your head.
You reflexively headbutt those who attack you in melee.


Message History

You are engulfed in a cloud of scalding steam.
You feel sick. Blork the orc casts a spell at you. The magic dart hits you.
Your Shields skill increases to level 6!
You feel sick.
Blork the orc gestures at you while chanting.
The magic dart hits you but does no damage.
You see here a water moccasin corpse.
You hit Blork the orc. Your headbutt misses Blork the orc.
Blork the orc is lightly wounded.
You feel sick.
Blork the orc points at you and mumbles some strange words.
The magic dart hits you.
You slash Blork the orc! You headbutt Blork the orc!
You kill Blork the orc!
You feel sick.
Your Dodging skill increases to level 3!
You feel sick.
The ogre is engulfed in a cloud of scalding steam.
Things that are here:
a +0 dire flail; a +0 robe; a wand of quicksilver (8)
You feel sick.
There is an open door here.
You feel sick.
Things that are here:
a +0 dire flail; a +0 robe; a wand of quicksilver (8)
You slash the ogre!
The ogre is severely wounded.
You feel sick. You block the ogre's attack.
You barely miss the ogre.
The ogre is severely wounded.
You feel sick.
You slash the ogre!
You kill the ogre!
Your Armour skill increases to level 7!
You feel sick. The steam dragon breathes steam at you.
The ball of steam hits you!!
You die...

#.#.#.#... ..............
..>..# ###.#.#.#.#....
..§§..D# ...#.....#...#
...§...#
###.#..<......#..#.§§..#.
......#....#..#..#O§.....
....#.#.......... .....##
........#.....####.......
###.#.#.......')@D.......
#.#.........#####..#.##
#.########### ## #....#
#....# ###....# .......+
#.#....# #.#....#


You could see a steam dragon (catching breath).

Vanquished Creatures
  Sigmund (D:5)
  Edmund (D:6)
  2 water moccasins
  3 ogres
  A phantom (D:4)
  Blork the orc (D:6)
  3 scorpions
  2 hounds (D:6)
  A jelly (D:6)
  4 orc priests
  Jessica (D:3)
  3 iguanas
  Ijyb (D:3)
  A sleepcap (D:4)
  An orc wizard (D:4)
  Robin (D:2)
  5 adders
  A worm (D:3)
  2 dart slugs
  7 orcs
  8 endoplasms
  5 giant cockroaches
  10 hobgoblins
  8 jackals
  6 kobolds
  3 quokkas
  3 ball pythons (D:1)
  6 bats
  3 frilled lizards
  16 goblins
  3 rats
113 creatures vanquished.

Notes
Turn   | Place    | Note
-------+----------+-------------------------------------------
     0 | D:1      | Peloso the Minotaur Fighter began the quest for the Orb.
     0 | D:1      | Reached XP level 1. HP: 19/19 MP: 0/0
   102 | D:1      | Reached XP level 2. HP: 24/27 MP: 1/1
   538 | D:1      | Found a faded altar of an unknown god.
   681 | D:1      | Reached XP level 3. HP: 31/33 MP: 2/2
   789 | D:2      | Reached skill level 3 in Long Blades
   790 | D:2      | Noticed Robin
   884 | D:2      | Killed Robin
   896 | D:2      | You fall into a shaft and drop 1 floor!
   945 | D:3      | Reached XP level 4. HP: 15/40 MP: 3/3
   988 | D:3      | Reached skill level 4 in Long Blades
  1058 | D:3      | Reached XP level 5. HP: 47/47 MP: 4/4
  1163 | D:3      | Noticed Ijyb
  1173 | D:3      | Killed Ijyb
  1404 | D:3      | Noticed Jessica
  1407 | D:3      | Killed Jessica
  1408 | D:3      | Reached skill level 5 in Long Blades
  1585 | D:3      | Reached skill level 1 in Dodging
  2145 | D:2      | Reached XP level 6. HP: 27/53 MP: 5/5
  2881 | D:4      | Reached skill level 1 in Stealth
  2986 | D:4      | Reached skill level 5 in Fighting
  2986 | D:4      | Reached skill level 5 in Armour
  3184 | D:4      | Reached XP level 7. HP: 56/61 MP: 6/6
  3215 | D:4      | Reached skill level 6 in Long Blades
  3230 | D:4      | Reached skill level 5 in Shields
  3633 | D:5      | Entered Level 5 of the Dungeon
  3881 | D:5      | Noticed Sigmund
  3895 | D:5      | Killed Sigmund
  3896 | D:5      | Reached skill level 7 in Long Blades
  3998 | D:5      | Found Orrerch's Neck Hole.
  4132 | D:5      | Reached XP level 8. HP: 50/70 MP: 7/7
  4727 | D:6      | Noticed Edmund
  4749 | D:6      | Killed Edmund
  4827 | D:6      | Found a staircase to the Ecumenical Temple.
  4923 | D:6      | Reached skill level 8 in Long Blades
  4975 | D:6      | Noticed Blork the orc
  4996 | D:6      | Killed Blork the orc
  5003 | D:6      | Killed from afar by a steam dragon

Illustrated notes

Levels and vault maps discovered:
D:1:      amcnicky_arrival_double_pillar, layout_loops_cross,
          shapermc_ecumenical_altar_gd, minmay_misc_feat_rows
D:2:      layout_loops_ring, minmay_diced_spiral, uniq_robin
D:3:      layout_basic, minivault_14, kennysheep_generic_room_9, uniq_ijyb,
          uniq_jessica
D:4:      layout_basic, minmay_misc_feat_columns
D:5:      layout_gridville, nicolae_shop_sticking_my_neck_out, uniq_sigmund
D:6:      layout_basic, nicolae_overflow_hallway_of_the_gods,
          minmay_temple_entry_gardened_gates, gup_sewer_entry_spiral,
          nrook_pool_corridor, uniq_eustachio, uniq_edmund, uniq_blork_the_orc

Skill      XL: |  1  2  3  4  5  6  7  8 |
---------------+-------------------------+-----
Shields        | 4 5 6 |  6.1
Fighting       | 4 5 6 |  6.5
Long Blades    | 3 4 5 7 8 |  8.2
Armour         | 4 5 7 |  7.1
Dodging        | 1 2 3 |  3.0
Stealth        | 1 |  1.1

Action                     |  1- 3 |  4- 6 |  7- 9 || total
---------------------------+-------+-------+-------++-------
  Melee: Long sword        |   103 |   176 |   105 ||   384
         Headbutt          |    18 |    28 |    25 ||    71
  Evoke: Wand              |       |       |     1 ||     1
    Use: Potion            |     2 |     1 |     2 ||     5
 Armour: Scale mail        |    50 |    39 |       ||    89
         Chain mail        |       |    23 |    35 ||    58
  Dodge: Dodged            |    50 |    74 |    21 ||   145
  Block: Buckler           |    23 |    63 |    65 ||   151
